SL
THUNDER BAY NORTHERN LIONS BC @ GRAFTON MIDDIES
09/22/2026
 
TOP OF THE 1ST
Thunder Bay Northern Lions BC batting - Pitching for Grafton Middies : RHP Robbie Baxter
Pitching: RHP Robbie Baxter
Batting: RHB Keith Fish 0-0: Foul Ball, location: 2F
0-1: Called Strike
0-2: Strikes out swinging
Batting: SHB Carlos Rodríguez 0-0: Called Strike
0-1: Ball
1-1: Foul Ball, location: 2F
1-2: SINGLE (Line Drive, 56D)
Batting: LHB Cole Thrash 0-0: Ball
1-0: Swinging Strike
1-1: Ball
2-1: Swinging Strike
2-2: Strikes out swinging
Batting: RHB Sean MacKnight 0-0: Ball
1-0: Fielders Choice at 2nd, 6-4 (Groundball, 6)
Top of the 1st over - 0 run(s), 1 hit(s), 0 error(s), 0 left on base; Thunder Bay 0 - Grafton 0
BOTTOM OF THE 1ST
Grafton Middies batting - Pitching for Thunder Bay Northern Lions BC : LHP Cherles Gachineiro
Pitching: LHP Cherles Gachineiro
Batting: RHB Dave Ash 0-0: Called Strike
0-1: Ground out U3 (Groundball, 34)
Batting: RHB Nathan Boswell 0-0: Called Strike
0-1: Ground out 4-3 (Groundball, 4)
Batting: LHB Mario Ramos 0-0: Called Strike
0-1: Ball
1-1: Foul Ball, location: 2F
1-2: Ball
2-2: Ball
3-2: Foul Ball, location: 2F
3-2: SINGLE (Line Drive, 7S)
Batting: RHB Stefano Gaddi 0-0: Called Strike
0-1: Ball
1-1: Ball
2-1: Foul Ball, location: 2F
2-2: Fly out, F5 (Popup, 5L)
Bottom of the 1st over - 0 run(s), 1 hit(s), 0 error(s), 1 left on base; Thunder Bay 0 - Grafton 0
TOP OF THE 2ND
Thunder Bay Northern Lions BC batting - Pitching for Grafton Middies : RHP Robbie Baxter
Batting: RHB Barkley B. Cooltimes 0-0: Ball
1-0: Ball
2-0: SINGLE (Groundball, 56D)
Batting: LHB Chris Gregory 0-0: Ball
1-0: Ball
2-0: Called Strike
2-1: Ball
3-1: Base on Balls
Barkley B. Cooltimes to second
Batting: SHB Arnold Griffith 0-0: Hit by Pitch
Barkley B. Cooltimes to third
Chris Gregory to second
Batting: RHB Fred Meyer 0-0: Ball
1-0: DOUBLE (Flyball, 9D)
Barkley B. Cooltimes scores
Chris Gregory scores
Arnold Griffith to third
Batting: RHB Kenzaburo Hori 0-0: Ball
1-0: Foul Ball, location: 2F
1-1: Swinging Strike
1-2: Ball
2-2: Ball
3-2: Strikes out looking
Batting: RHB Keith Fish 0-0: Ball
1-0: Ball
2-0: Ball
3-0: Called Strike
3-1: Foul Ball, location: 2F
3-2: Base on Balls
Batting: SHB Carlos Rodríguez 0-0: Ball
1-0: Called Strike
1-1: Ball
2-1: Ball
3-1: Base on Balls
Arnold Griffith scores
Fred Meyer to third
Keith Fish to second
Batting: LHB Cole Thrash 0-0: Called Strike
0-1: Called Strike
0-2: Ball
1-2: Foul Ball, location: 2F
1-2: Foul Ball, location: 2F
1-2: SINGLE (Groundball, 56D)
Fred Meyer scores
Keith Fish to third
Carlos Rodríguez to second
Runner from 3rd tries for Home, SAFE, no throw
Batting: RHB Sean MacKnight 0-0: Called Strike
0-1: Ball
1-1: Swinging Strike
1-2: Strikes out swinging
Batting: RHB Barkley B. Cooltimes 0-0: Ball
1-0: Called Strike
1-1: Ball
2-1: Called Strike
2-2: Ball
3-2: Base on Balls
Carlos Rodríguez to third
Cole Thrash to second
Batting: LHB Chris Gregory 0-0: Ball
1-0: Ball
2-0: Foul Ball, location: 2F
2-1: Swinging Strike
2-2: GRAND SLAM HOME RUN (Flyball, 89XD), Distance : 398 ft
Batting: SHB Arnold Griffith 0-0: Foul Ball, location: 2F
0-1: Ball
1-1: Called Strike
1-2: Fly out, F5 (Line Drive, 6)
Top of the 2nd over - 9 run(s), 4 hit(s), 0 error(s), 0 left on base; Thunder Bay 9 - Grafton 0
BOTTOM OF THE 2ND
Grafton Middies batting - Pitching for Thunder Bay Northern Lions BC : LHP Cherles Gachineiro
Batting: RHB Scotty Anderson 0-0: Ball
1-0: Ball
2-0: SINGLE (Groundball, 56D)
Batting: RHB Ramón Gómez 0-0: Called Strike
0-1: Ball
1-1: Foul Ball, location: 2F
1-2: Ball
2-2: Ball
3-2: Foul Ball, location: 2F
3-2: SINGLE (Groundball, 6MD)
Scotty Anderson to second
Batting: RHB Juan Salinas 0-0: Swinging Strike
0-1: Called Strike
0-2: Ball
1-2: Ball
2-2: TRIPLE (Flyball, 8LXD)
Scotty Anderson scores
Ramón Gómez scores
Batting: LHB Ramón Rivera 0-0: Called Strike
0-1: Swinging Strike
0-2: Ball
1-2: Foul Ball, location: 2F
1-2: Ground out 5-3 (Groundball, 56)
Juan Salinas scores
Batting: RHB Jarred Morgan 0-0: Ball
1-0: Foul Ball, location: 2F
1-1: Ball
2-1: Ground out 5-3 (Groundball, 5)
Batting: RHB Dave Ash 0-0: Ball
1-0: SINGLE (Groundball, 34D)
Batting: RHB Nathan Boswell 0-0: Ball
1-0: Called Strike
1-1: Fielders Choice at 2nd, 4-6 (Groundball, 4)
Bottom of the 2nd over - 3 run(s), 4 hit(s), 0 error(s), 0 left on base; Thunder Bay 9 - Grafton 3
TOP OF THE 3RD
Thunder Bay Northern Lions BC batting - Pitching for Grafton Middies : RHP Robbie Baxter
Pitching: RHP António Marés
Batting: RHB Fred Meyer 0-0: Called Strike
0-1: Ball
1-1: Ball
2-1: Foul Ball, location: 2F
2-2: Fly out, F9 (Flyball, 9S)
Batting: RHB Kenzaburo Hori 0-0: Foul Ball, location: 2F
0-1: Ball
1-1: Swinging Strike
1-2: Ball
2-2: Strikes out swinging
Batting: RHB Keith Fish 0-0: Ball
1-0: SINGLE (Line Drive, 6MD)
Batting: SHB Carlos Rodríguez 0-0: Ball
1-0: Ball
2-0: Swinging Strike
2-1: Foul Ball, location: 2F
2-2: SINGLE (Flyball, 6MD)
Keith Fish to second
Runner from 2nd tries for 3rd, OUT!
Top of the 3rd over - 0 run(s), 2 hit(s), 0 error(s), 1 left on base; Thunder Bay 9 - Grafton 3
BOTTOM OF THE 3RD
Grafton Middies batting - Pitching for Thunder Bay Northern Lions BC : LHP Cherles Gachineiro
Batting: LHB Mario Ramos 0-0: Called Strike
0-1: Ball
1-1: Foul Ball, location: 2F
1-2: Foul Ball, location: 2F
1-2: SINGLE (Flyball, 8LS)
Batting: RHB Stefano Gaddi 0-0: Ball
1-0: Called Strike
1-1: 2-RUN HOME RUN (Flyball, 78XD), Distance : 424 ft
Batting: RHB Scotty Anderson 0-0: Foul Ball, location: 2F
0-1: Ball
1-1: Foul Ball, location: 2F
1-2: Foul Ball, location: 2F
1-2: Foul Ball, location: 2F
1-2: Ball
2-2: Foul Ball, location: 2F
2-2: Ball
3-2: Reached on error, E6 (Groundball, 6)
Batting: RHB Ramón Gómez 0-0: Ball
1-0: Called Strike
1-1: Ground out 5-3 (Groundball, 56)
Batting: RHB Juan Salinas 0-0: Ball
1-0: Foul Ball, location: 2F
1-1: Foul Ball, location: 2F
1-2: Ball
2-2: Foul Ball, location: 2F
2-2: Fly out, F8 (Flyball, 8RM)
Batting: LHB Ramón Rivera 0-0: Called Strike
0-1: Foul Ball, location: 2F
0-2: Ball
1-2: SINGLE (Groundball, 15S) (infield hit)
Scotty Anderson to third
Batting: RHB Jarred Morgan 0-0: Called Strike
0-1: Fly out, F9 (Flyball, 9S)
Bottom of the 3rd over - 2 run(s), 3 hit(s), 1 error(s), 2 left on base; Thunder Bay 9 - Grafton 5
TOP OF THE 4TH
Thunder Bay Northern Lions BC batting - Pitching for Grafton Middies : RHP António Marés
Batting: LHB Cole Thrash 0-0: Ball
1-0: Ball
2-0: Swinging Strike
2-1: Called Strike
2-2: Ball
3-2: Foul Ball, location: 2F
3-2: Fly out, F6 (Line Drive, 6)
Batting: RHB Sean MacKnight 0-0: Swinging Strike
0-1: Called Strike
0-2: Foul Ball, location: 2F
0-2: Strikes out swinging
Batting: RHB Barkley B. Cooltimes 0-0: Called Strike
0-1: Foul Ball, location: 2F
0-2: Ball
1-2: Ball
2-2: Ball
3-2: Base on Balls
Batting: LHB Chris Gregory 0-0: Called Strike
0-1: Ball
1-1: Swinging Strike
1-2: SINGLE (Line Drive, 89S)
Barkley B. Cooltimes to second
Batting: SHB Arnold Griffith 0-0: Called Strike
0-1: Fly out, F9 (Line Drive, 9D)
Top of the 4th over - 0 run(s), 1 hit(s), 0 error(s), 2 left on base; Thunder Bay 9 - Grafton 5
BOTTOM OF THE 4TH
Grafton Middies batting - Pitching for Thunder Bay Northern Lions BC : LHP Cherles Gachineiro
Batting: RHB Dave Ash 0-0: Ball
1-0: SINGLE (Groundball, 6MD)
Batting: RHB Nathan Boswell 0-0: Called Strike
0-1: Ball
1-1: Fielders Choice at 2nd, 4-6 (Groundball, 4D)
Batting: LHB Mario Ramos 0-0: Called Strike
0-1: Ball
1-1: Fly out, F7 (Flyball, 78S)
Batting: RHB Stefano Gaddi 0-0: Called Strike
0-1: Called Strike
0-2: Fielders Choice at 2nd, 5-4 (Groundball, 5L)
Bottom of the 4th over - 0 run(s), 1 hit(s), 0 error(s), 0 left on base; Thunder Bay 9 - Grafton 5
TOP OF THE 5TH
Thunder Bay Northern Lions BC batting - Pitching for Grafton Middies : RHP António Marés
Batting: RHB Fred Meyer 0-0: Ball
1-0: Swinging Strike
1-1: Called Strike
1-2: Ball
2-2: Ground out 6-3 (Groundball, 6)
Batting: RHB Kenzaburo Hori 0-0: Ground out 4-3 (Groundball, 4)
Batting: RHB Keith Fish 0-0: Foul Ball, location: 2F
0-1: Ball
1-1: Foul Ball, location: 2F
1-2: Foul Ball, location: 2F
1-2: Ball
2-2: TRIPLE (Line Drive, 78M)
Batting: SHB Carlos Rodríguez 0-0: Ball
1-0: Foul Ball, location: 2F
1-1: Foul Ball, location: 2F
1-2: Ball
2-2: Ball
3-2: Base on Balls
Batting: LHB Cole Thrash 0-0: Ball
1-0: Called Strike
1-1: Ball
2-1: Foul Ball, location: 2F
2-2: Ball
3-2: Base on Balls
Carlos Rodríguez to second
Batting: RHB Sean MacKnight 0-0: Swinging Strike
0-1: Ball
1-1: Called Strike
1-2: Ball
2-2: Foul Ball, location: 2F
2-2: Ball
3-2: Strikes out looking
Top of the 5th over - 0 run(s), 1 hit(s), 0 error(s), 3 left on base; Thunder Bay 9 - Grafton 5
BOTTOM OF THE 5TH
Grafton Middies batting - Pitching for Thunder Bay Northern Lions BC : LHP Cherles Gachineiro
Batting: RHB Scotty Anderson 0-0: Swinging Strike
0-1: Ball
1-1: Foul Ball, location: 2F
1-2: Ball
2-2: Foul Ball, location: 2F
2-2: Ball
3-2: Ground out 5-3 (Groundball, 56)
Batting: RHB Ramón Gómez 0-0: Ball
1-0: TRIPLE (Flyball, 89D)
Pitching: RHP Jorge Castillo
Batting: RHB Juan Salinas 0-0: Ball
1-0: Fly out, F4 (Line Drive, 4)
Batting: LHB Ramón Rivera 0-0: Ball
1-0: Ball
2-0: Ball
Wild Pitch!
Ramón Gómez scores
3-0: Base on Balls
Batting: RHB Jarred Morgan 0-0: Called Strike
0-1: Ball
1-1: Ball
2-1: Ground out 6-3 (Groundball, 6S)
Bottom of the 5th over - 1 run(s), 1 hit(s), 0 error(s), 1 left on base; Thunder Bay 9 - Grafton 6
TOP OF THE 6TH
Thunder Bay Northern Lions BC batting - Pitching for Grafton Middies : RHP António Marés
Batting: RHB Barkley B. Cooltimes 0-0: Fly out, F4 (Flyball, 34D)
Batting: LHB Chris Gregory 0-0: Ball
1-0: Ground out 6-3 (Groundball, 6S)
Pitching: RHP Frank Morse
Batting: SHB Arnold Griffith 0-0: Called Strike
0-1: Fly out, F6 (Line Drive, 6M)
Top of the 6th over - 0 run(s), 0 hit(s), 0 error(s), 0 left on base; Thunder Bay 9 - Grafton 6
BOTTOM OF THE 6TH
Grafton Middies batting - Pitching for Thunder Bay Northern Lions BC : RHP Jorge Castillo
Batting: RHB Dave Ash 0-0: Ball
1-0: Called Strike
1-1: Foul Ball, location: 2F
1-2: Ball
2-2: Reached on error, E5 (Groundball, 56)
Batting: RHB Nathan Boswell 0-0: Ball
1-0: Ball
2-0: Foul Ball, location: 2F
2-1: Foul Ball, location: 2F
2-2: Ball
3-2: Foul Ball, location: 2F
3-2: Base on Balls
Batting: LHB Mario Ramos 0-0: Called Strike
0-1: Ball
1-1: SINGLE (Groundball, 4MD)
Dave Ash to third
Nathan Boswell to second
Batting: RHB Stefano Gaddi 0-0: Ball
1-0: Swinging Strike
1-1: Called Strike
1-2: Strikes out swinging
Batting: RHB Scotty Anderson 0-0: Called Strike
0-1: Ball
1-1: Swinging Strike
1-2: Strikes out swinging
Batting: RHB Ramón Gómez 0-0: Ball
1-0: Ball
2-0: Called Strike
2-1: Foul Ball, location: 2F
2-2: Foul Ball, location: 2F
2-2: Foul Ball, location: 2F
2-2: Ball
3-2: Base on Balls
Dave Ash scores
Nathan Boswell to third
Mario Ramos to second
Batting: RHB Juan Salinas 0-0: Ball
1-0: Called Strike
1-1: Swinging Strike
1-2: Fielders Choice at 2nd, 6-4 (Groundball, 6)
Bottom of the 6th over - 1 run(s), 1 hit(s), 1 error(s), 2 left on base; Thunder Bay 9 - Grafton 7
TOP OF THE 7TH
Thunder Bay Northern Lions BC batting - Pitching for Grafton Middies : RHP Frank Morse
Batting: RHB Fred Meyer 0-0: Ground out 4-3 (Groundball, 4)
Batting: RHB Kenzaburo Hori 0-0: Called Strike
0-1: Ground out 6-3 (Groundball, 6S)
Batting: RHB Keith Fish 0-0: Ball
1-0: SINGLE (Line Drive, 6D)
Batting: SHB Carlos Rodríguez 0-0: Ball
1-0: Called Strike
1-1: Ball
2-1: Ball
Keith Fish is caught stealing 2nd base
Top of the 7th over - 0 run(s), 1 hit(s), 0 error(s), 0 left on base; Thunder Bay 9 - Grafton 7
BOTTOM OF THE 7TH
Grafton Middies batting - Pitching for Thunder Bay Northern Lions BC : RHP Jorge Castillo
Batting: LHB Ramón Rivera 0-0: Ball
1-0: Ball
2-0: Ball
3-0: Base on Balls
Batting: RHB Jarred Morgan 0-0: Called Strike
0-1: Ball
1-1: Ball
2-1: Foul Ball, location: 2F
2-2: Ball
3-2: SINGLE (Line Drive, 4D)
Ramón Rivera to second
Batting: RHB Dave Ash 0-0: Bunted foul
0-1: Ball
1-1: Sac Bunt - play at first, batter OUT! 5-4
Ramón Rivera to third
Jarred Morgan to second
Pitching: RHP Júlio Palma
Pinch Hitting: RHB Stewart Ralston 0-0: Called Strike
0-1: Called Strike
0-2: SINGLE (Groundball, 56D)
Ramón Rivera scores
Jarred Morgan to third
Runner from 3rd tries for Home, SAFE, no throw
Batting: LHB Mario Ramos 0-0: Ball
Stewart Ralston is caught stealing 2nd base
1-0: Foul Ball, location: 2F
1-1: Fly out, F7 (Line Drive, 7S)
Bottom of the 7th over - 2 run(s), 2 hit(s), 0 error(s), 0 left on base; Thunder Bay 9 - Grafton 9
TOP OF THE 8TH
Thunder Bay Northern Lions BC batting - Pitching for Grafton Middies : RHP Frank Morse
Now at SS: Wes Bradley
Batting: SHB Carlos Rodríguez 0-0: Called Strike
0-1: Foul Ball, location: 2F
0-2: Ground out 5-3 (Groundball, 56)
Pinch Hitting: LHB David Smith 0-0: Swinging Strike
0-1: Ball
1-1: Foul Ball, location: 2F
1-2: Foul Ball, location: 2F
1-2: Foul Ball, location: 2F
1-2: Foul Ball, location: 2F
1-2: Foul Ball, location: 2F
1-2: Fly out, F2 (Popup, 3S)
Batting: RHB Sean MacKnight 0-0: Called Strike
0-1: Foul Ball, location: 2F
0-2: Ball
1-2: Strikes out swinging
Top of the 8th over - 0 run(s), 0 hit(s), 0 error(s), 0 left on base; Thunder Bay 9 - Grafton 9
BOTTOM OF THE 8TH
Grafton Middies batting - Pitching for Thunder Bay Northern Lions BC : RHP Júlio Palma
Now in LF: David Smith
Batting: RHB Stefano Gaddi 0-0: Ball
1-0: Fly out, F7 (Flyball, 78D)
Batting: RHB Scotty Anderson 0-0: SOLO HOME RUN (Flyball, 7D), Distance : 390 ft
Batting: RHB Ramón Gómez 0-0: Ball
1-0: Ball
2-0: Called Strike
2-1: Fly out, F9 (Line Drive, 89S)
Batting: RHB Juan Salinas 0-0: Fly out, F9 (Flyball, 9S)
Bottom of the 8th over - 1 run(s), 1 hit(s), 0 error(s), 0 left on base; Thunder Bay 9 - Grafton 10
TOP OF THE 9TH
Thunder Bay Northern Lions BC batting - Pitching for Grafton Middies : RHP Frank Morse
Pitching: RHP Lynwood Matos
Pinch Hitting: RHB Wilfred McLaughlin 0-0: Ball
1-0: Called Strike
1-1: Foul Ball, location: 2F
1-2: Strikes out swinging
Batting: LHB Chris Gregory 0-0: Called Strike
0-1: Ground out 4-3 (Groundball, 4)
Batting: SHB Arnold Griffith 0-0: Ball
1-0: Ball
2-0: Swinging Strike
2-1: Ball
3-1: Foul Ball, location: 2F
3-2: Base on Balls
Pinch Hitting: LHB John Brewer 0-0: Called Strike
0-1: Ball
1-1: Foul Ball, location: 2F
1-2: Foul Ball, location: 2F
1-2: Strikes out swinging
Top of the 9th over - 0 run(s), 0 hit(s), 0 error(s), 1 left on base; Thunder Bay 9 - Grafton 10
Monday, March 20th, 2017 - OOTP Baseball 17.12 Build 75